 Seeded DCSS version 0.31-a0-1570-g93c622d222 (webtiles) character file.

Game seed: 10463392276266972231 (custom seed)

65 innerfire43 the Trooper (level 3, -2/31 HPs)
             Began as a Demonspawn Wanderer on Jan 3, 2024.
             Slain by a ribbon worm (7 damage)
             ... on level 3 of the Dungeon.
             The game lasted 00:03:29 (2025 turns).

innerfire43 the Trooper (Demonspawn Wanderer)       Turns: 2025, Time: 00:03:30

Health: -2/31      AC:  6    Str: 12    XL:     3   Next: 94%
Magic:  4/4        EV: 12    Int: 11    God:
Gold:   145        SH:  0    Dex: 15    Spells: 4/4 levels left

rFire   . . .        a - +0 dagger
rCold   . . .        (no shield)
rNeg    . . .        j - +1 robe {Will+}
rPois   .            l - +0 helmet
rElec   .            (no cloak)
rCorr   .            (no gloves)
SInv    +            (no boots)
Will    +....        (no amulet)
Stlth   ++           g - ring of see invisible
HPRegen 0.25/turn    (no ring)
MPRegen 0.09/turn

%: no passive effects
@: no status effects
A: slimy green scales 1
a: no special abilities


You were on level 3 of the Dungeon.
You visited 1 branch of the dungeon, and saw 3 of its levels.

You collected 145 gold pieces.

Inventory:

Hand Weapons
 a - a +0 dagger (weapon)
Armour
 e - a +0 robe
 j - a +1 robe of willpower (worn)
 l - a +0 helmet (worn)
Jewellery
 g - a ring of see invisible (left hand)
Scrolls
 c - 4 scrolls of fog
 d - 2 scrolls of teleportation
 k - a scroll of vulnerability {unknown}
 m - 2 scrolls of enchant armour {unknown}
 o - 4 scrolls of identify {unknown}
 p - a scroll of silence {unknown}
Potions
 b - a potion of brilliance
 f - 3 potions of heal wounds
 h - a potion of invisibility {unknown}
 i - 7 potions of curing {unknown}
 n - 3 potions of lignification {unknown}


   Skills:
 + Level 4.4 Fighting
 - Level 1.3 Short Blades
 * Level 0.1 Polearms
 * Level 2.2 Dodging
 - Level 1.0 Stealth
 - Level 3.6 Unarmed Combat
 - Level 1.0 Spellcasting


You had 4 spell levels left.
You didn't know any spells.
Your spell library contained the following spells:

 Spells                   Type           Power      Damage    Failure   Level
 Magic Dart               Conj           0%         1d3       32%         1
 Blink                    Tloc           0%         N/A       43%         2
 Call Imp                 Summ           0%         N/A       43%         2


Dungeon Overview and Level Annotations

Branches:
Dungeon (3/15)

Altars:

Shops:
D:2 !!*:


Innate Abilities, Weirdness & Mutations

You are partially covered in slimy green scales. (AC +2)


Message History

The web tears apart.
The ribbon worm bites you!
You hit the ribbon worm.
The ribbon worm is heavily wounded.
The ribbon worm barely misses you.
You barely miss the ribbon worm.
The ribbon worm is moderately wounded.
The ribbon worm bites you.
You hit the ribbon worm.
The ribbon worm is heavily wounded.
You hit the ribbon worm.
The ribbon worm is severely wounded.
The ribbon worm bites you.
* * * LOW HITPOINT WARNING * * *
You hit the ribbon worm.
The ribbon worm is severely wounded.
The ribbon worm bites you.
* * * LOW HITPOINT WARNING * * *
You barely miss the ribbon worm.
The ribbon worm is heavily wounded.
You hit the ribbon worm but do no damage.
The ribbon worm is heavily wounded.
The ribbon worm expels a string of sticky webbing.
The stream of webbing hits you but does no damage.
You are caught in a web!
You struggle to detach yourself from the web.
The ribbon worm expels a string of sticky webbing.
The stream of webbing hits you but does no damage.
You are even more entangled.
The web tears apart.
The ribbon worm expels a string of sticky webbing.
The stream of webbing misses you.
You hit the ribbon worm but do no damage.
The ribbon worm is heavily wounded.
The ribbon worm barely misses you.
You hit the ribbon worm.
The ribbon worm is heavily wounded.
You hit the ribbon worm.
The ribbon worm is severely wounded.
The ribbon worm bites you!
You die...

.######.......#
## #.......# .#
#.......##### .#
#...........#.. #
#...........#)# #
#...........#.#.#
#.##........+.#.#
#. #........#..<
...
+......@w#.##..#
##.....$.......#
....#####..##.#
... ##..##
.#.####..##
#.#....##
#####...####
#.......#
#######...###.#


You could see a ribbon worm.

Vanquished Creatures
  2 adders (D:2)
  4 dart slugs
  3 ball pythons
  4 bats
  An endoplasm (D:1)
  A giant cockroach (D:3)
  4 hobgoblins
  2 kobolds
  2 quokkas (D:2)
  5 frilled lizards
  6 goblins
  5 rats
39 creatures vanquished.

Notes
Turn   | Place    | Note
-------+----------+-------------------------------------------
     0 | D:1      | innerfire43 the Demonspawn Wanderer began the quest for the
                  | Orb.
     0 | D:1      | innerfire43 set off with the following items: a +0 dagger,
                  | a potion of brilliance, 2 scrolls of fog, a scroll of
                  | teleportation, a +0 robe, a potion of heal wounds.
     0 | D:1      | Reached XP level 1. HP: 19/19 MP: 2/2
   167 | D:1      | Reached skill level 1 in Dodging
   167 | D:1      | Gained mutation: You are partially covered in slimy green
                  | scales. (AC +2) [demonic ancestry]
   167 | D:1      | Reached XP level 2. HP: 25/25 MP: 3/3
   472 | D:1      | Reached skill level 1 in Short Blades
   806 | D:2      | Reached XP level 3. HP: 30/30 MP: 4/4
   938 | D:2      | Found Cinaplo's Distillery.
  1027 | D:2      | Found Muamiaqy's Book Shoppe.
  1312 | D:2      | Found Raodweku's General Store.
  1497 | D:2      | Found Jeanep's Distillery.
  2025 | D:3      | Slain by a ribbon worm

Illustrated notes

Levels and vault maps discovered:
D:1:      minmay_arrival_shattered_statue, layout_rooms, moated_statue
D:2:      layout_loops_corners, serial_shops, shop, shop, shop, shop,
          corexii_hall_statues_i
D:3:      kennysheep_the_goblin_king, layout_basic,
          nicolae_concentric_dashed_squares_wild, uniq_natasha, uniq_robin,
          uniq_jessica

Skill      XL: |  1  2  3 |
---------------+----------+-----
Dodging        | 1 2 |  2.2
Short Blades   | 1 |  1.3
Fighting       | |  4.4
Polearms       | |  0.1
Stealth        | |  1.0
Unarmed Combat | |  3.6
Spellcasting   | |  1.0

Action                     || total
---------------------------++-------
  Melee: Dagger            ||   253
         Punch             ||    11
    Use: Scroll            ||     1
   Stab: Sleeping          ||     4
         Distracted        ||     1
 Armour: Robe              ||   130
  Dodge: Dodged            ||   169

Table legend: (Time is in decaauts)
 A = Elapsed time spent in this place.
 B = Non-inter-level travel time spent in this place.
 C = Inter-level travel time spent in this place.
 D = Time resting spent in this place.
 E = Time spent auto-exploring this place.
 F = Levels seen in this place.
 G = Mean time per level.
                   A        B        C        D        E       F      G
               +--------+--------+--------+--------+--------+-----+--------+
         Total |   2012 |   2012 |      0 |      0 |   1392 |   3 |  670.7 |
       Dungeon |   2012 |   2012 |      0 |      0 |   1392 |   3 |  670.7 |
               +--------+--------+--------+--------+--------+-----+--------+

Top non-repeatable levels by time:
     D:2: 1020 daAuts
     D:1: 716 daAuts
     D:3: 275 daAuts
